 Dungeon Crawl Stone Soup version 0.27.1-15-g792fb953b9 (webtiles) character file.

Game seed: 3729366696826639297

1 spaced the Caller (level 1, 0/7 HPs)
             Began as a Felid Summoner on Nov 20, 2021.
             Slain by a jackal (2 damage)
             ... on level 1 of the Dungeon.
             The game lasted 00:00:46 (42 turns).

spaced the Caller (Felid Summoner)                    Turns: 42, Time: 00:00:47

Health: 0/7        AC:  1    Str:  4    XL:     1   Next: 16%
Magic:  3/4        EV: 17    Int: 16    God:
Gold:   0          SH:  0    Dex: 16    Spells: 3/4 levels left
                                        Lives:  0   Deaths: 0

rFire    . . .     SeeInvis +   (weapon unavailable)
rCold    . . .     Faith    .   (shield unavailable)
rNeg     . . .     Spirit   .   (armour unavailable)
rPois    .         Reflect  .   (helmet unavailable)
rElec    .         Harm     .   (cloak unavailable)
rCorr    .         Rampage  .   (gloves unavailable)
Will     .....                  (boots unavailable)
Stlth    ++........             (no amulet)
HPRegen  0.02/turn              (no ring)
MPRegen  0.09/turn              (no ring)

@: quick
A: very small, claws 1, fangs 3, see invisible, speed 1, shaggy fur 1, stealthy
paws, no weapons or thrown items, no armour, multi-lived
a: no special abilities


You were on level 1 of the Dungeon.
You visited 1 branch of the dungeon, and saw 1 of its levels.

You aren't carrying anything.


   Skills:
 + Level 2.6 Dodging
 + Level 2.6 Stealth
 + Level 2.0 Spellcasting
 + Level 4.0 Summonings


You had 3 spell levels left.
You knew the following spells:

 Your Spells              Type           Power      Damage    Failure   Level
a - Summon Small Mammal   Summ           56%        N/A       4%          1

Your spell library contained the following spells:

 Spells                   Type           Power      Damage    Failure   Level
 Call Imp                 Summ           14%        N/A       6%          2
 Call Canine Familiar     Summ           14%        N/A       12%         3
 Summon Guardian Golem    Hex/Summ       8%         N/A       26%         3
 Summon Lightning Spire   Summ/Air       8%         N/A       65%         4


Dungeon Overview and Level Annotations

Branches:
Dungeon (1/15)

Altars:

Shops:
D:1 !


Innate Abilities, Weirdness & Mutations

You have sharp claws.
You have razor-sharp teeth.
You have supernaturally acute eyesight. (SInv)
You cover ground quickly. (Speed+)
You are covered in fur. (AC +1)
Your paws help you pounce on unaware monsters.
You are incapable of wielding weapons or throwing items.
You cannot wear armour.
You gain extra lives every three experience levels.


Message History

You closely miss the jackal.
Your bat hits the jackal but does no damage.
Your bat closely misses the jackal.
The bat closely misses you.
Your bat barely misses the jackal.
The jackal barely misses you. The jackal bites you.
Your quokka bites the jackal.
The bat misses you. The jackal bites you. The jackal barely misses you.
You scratch the jackal.
The jackal is severely wounded.
The bat barely misses you.
Your bat barely misses the jackal.
Your bat misses the jackal. Your quokka misses the jackal.
The jackal completely misses you. The jackal bites you.
* * * LOW HITPOINT WARNING * * *
Your quokka bites the jackal but does no damage.
Your bat hits the jackal but does no damage.
The jackal bites your quokka.
Your bat hits the jackal.
Your quokka barely misses the jackal.
Your bat hits the jackal but does no damage.
Your bat closely misses the jackal.
The jackal barely misses your quokka.
Your quokka bites the jackal.
The jackal dies!
The bat misses you.
The jackal closely misses something.
The bat hits your quokka.
The bat hits your quokka but does no damage.
Your bat misses the bat.
Your quokka bites the bat.
The bat closely misses your quokka.
Your bat completely misses the bat.
Your bat misses the bat. The bat hits your quokka.
Your quokka dies!
Your quokka's corpse disappears in a puff of smoke!
Your bat barely misses the bat.
Your bat hits the bat.
The bat dies!
The jackal misses you. The jackal completely misses you.
Your bat barely misses the jackal.
You scratch the jackal but do no damage.
Your bat hits the jackal.
Your bat closely misses the jackal.
The jackal barely misses you.
You scratch the jackal.
The jackal is heavily wounded.
Your bat misses the jackal. Your bat hits the jackal. The jackal bites you.
You die...

#8.........8#.......
##.........##.......
#.........##......
#####'######....#
#.#.........#
###...........#
#.........b...#
#......†.bh...#
#.....#.#.@.###
#......∩....#
#.....#.#...#
#.....#...###
#.....##### #######


You could see a jackal (ally target) and 2 friendly bats.

Vanquished Creatures (collateral kills)
  A jackal (D:1)
  A bat (D:1)
2 creatures vanquished.

Notes
Turn   | Place    | Note
-------+----------+-------------------------------------------
     0 | D:1      | spaced the Felid Summoner began the quest for the Orb.
     0 | D:1      | Reached XP level 1. HP: 7/7 MP: 4/4
     7 | D:1      | Found Jybiq's Distillery.
    42 | D:1      | Slain by a jackal

Illustrated notes

Levels and vault maps discovered:
D:1:      mrwooster_arrival_statue_3, layout_basic, serial_shops,
          nicolae_shop_crystal, basic_ecumenical_altar

Action                   || total
-------------------------++-------
Melee: Unarmed           ||    12
 Cast: Summon Small Mamm ||     3
Armor: Skin              ||     1
Dodge: Dodged            ||    25
